 Dungeon Crawl Stone Soup version 0.31-a0-237-g2d982f9f85 (webtiles) character file.

Game seed: 2488675637283076977

17 qw the Shooter (level 2, -3/24 HPs)
             Began as a Minotaur Hexslinger on July 10, 2023.
             Slain by Terence
             ... wielding a +2 vampiric short sword
              (5 damage)
             ... on level 2 of the Dungeon.
             The game lasted 00:00:15 (852 turns).

qw the Shooter (Minotaur Hexslinger)                 Turns: 852, Time: 00:00:16

Health: -3/24      AC:  3    Str: 12    XL:     2   Next: 44%
Magic:  2/2        EV: 11    Int: 10    God:
Gold:   71         SH:  0    Dex: 12    Spells: 2/3 levels left

rFire   . . .        Y - +2 sling
rCold   . . .        (no shield)
rNeg    . . .        e - +0 leather armour
rPois   .            (helmet restricted)
rElec   .            (no cloak)
rCorr   .            (no gloves)
SInv    .            (no boots)
Will    .....        (no amulet)
Stlth   +            (no ring)
HPRegen 0.24/turn    (no ring)
MPRegen 0.08/turn

%: no passive effects
@: no status effects
A: horns 2, retaliatory headbutt
a: no special abilities


You were on level 2 of the Dungeon.
You visited 1 branch of the dungeon, and saw 2 of its levels.

You collected 71 gold pieces.


Innate Abilities, Weirdness & Mutations

You have a pair of horns on your head.
You reflexively headbutt those who attack you in melee.


   Skills:
 - Level 2.0 Fighting
 + Level 3.1 Ranged Weapons
 - Level 2.1 Dodging
 - Level 1.0 Spellcasting
 - Level 2.0 Hexes


You had 2 spell levels left.
You knew the following spells:

 Your Spells              Type           Power      Damage    Failure   Level
a - Slow                  Hex            16%        N/A       19%         1

Your spell library contained the following spells:

 Spells                   Type           Power      Damage    Failure   Level
 Inner Flame              Hex/Fire       2%         N/A       65%         3
 Portal Projectile        Hex/Tloc       4%         N/A       65%         3
 Cause Fear               Hex            2%         N/A       88%         4

Inventory:

Hand Weapons
 Y - a +2 sling (weapon)
Armour
 e - a +0 leather armour (worn)
Potions
 f - a potion of invisibility {unknown}

Dungeon Overview and Level Annotations

Branches:
Dungeon (2/15)

Altars:

Annotations:
D:2 Terence


Message History

You shoot a sling bullet.
The sling bullet hits Terence but does no damage.
Terence is lightly wounded.
Terence hits you with a +2 vampiric short sword.
You shoot a sling bullet.
The sling bullet hits Terence but does no damage.
Terence is lightly wounded.
Terence closely misses you.
You shoot a sling bullet. The sling bullet hits Terence.
Terence is moderately wounded.
Terence closely misses you. You furiously retaliate!
You headbutt Terence.
Terence hits you with a +2 vampiric short sword.
Terence draws strength from your wounds!
You shoot a sling bullet.
The sling bullet closely misses Terence.
Terence hits you with a +2 vampiric short sword.
Terence draws strength from your wounds!
You shoot a sling bullet. The sling bullet hits Terence.
Terence is heavily wounded.
Terence barely misses you. x2
You shoot a sling bullet.
The sling bullet hits Terence but does no damage.
Terence is heavily wounded.
Terence hits you with a +2 vampiric short sword!
Terence draws strength from your wounds!
You shoot a sling bullet. The sling bullet hits Terence.
Terence is heavily wounded.
Terence says, "Did you write a will?
You should..."
Terence misses you. You furiously retaliate!
You headbutt Terence. You shoot a sling bullet. The sling bullet hits Terence.
Terence is almost dead.
Terence hits you with a +2 vampiric short sword.
Terence closely misses you.
You shoot a sling bullet. The sling bullet barely misses Terence.
Terence hits you with a +2 vampiric short sword.
Terence draws strength from your wounds!
You shoot a sling bullet. The sling bullet hits Terence.
Terence is almost dead.
Terence hits you with a +2 vampiric short sword.
You die...

.##.#. .. ..
. ....
#.##.#.##
#.......#
........#
........##+##
#.....@@#...#
....%.....7.+
.....#.##...#
.$.. #. ##%##
... #. ##.##
.. #. #...# .
.. #.7.# ..
#...# ##<##


You could see Terence.

Vanquished Creatures
  4 hobgoblins
  A quokka (D:1)
  A ball python (D:1)
  3 bats (D:1)
  A frilled lizard (D:2)
  3 goblins (D:1)
  4 rats
17 creatures vanquished.

Notes
Turn   | Place    | Note
-------+----------+-------------------------------------------
     0 | D:1      | qw the Minotaur Hexslinger began the quest for the Orb.
     0 | D:1      | Reached XP level 1. HP: 16/16 MP: 1/1
     0 | D:1      | 0 ||| qw: Version: 0.3-a-52-g30416fa
     0 | D:1      | 0 ||| qw: Game counter: 5139
     0 | D:1      | 0 ||| qw: Melee chars always use a shield: true
     0 | D:1      | 0 ||| qw: God list: Okawaru
     0 | D:1      | 0 ||| qw: Allow faded altars: false
     0 | D:1      | 0 ||| qw: Do Orc after clearing Dungeon:15 true
     0 | D:1      | 0 ||| qw: Do second Lair branch before Depths: true
     0 | D:1      | 0 ||| qw: Lair rune preference: random
     0 | D:1      | 0 ||| qw: Goals: Normal
     0 | D:1      | 0 ||| PLANNING D:1-11
   334 | D:1      | Reached skill level 3 in Ranged Weapons
   334 | D:1      | Reached XP level 2. HP: 23/23 MP: 2/2
   740 | D:1      | 740 ||| UPGRADING to +0 leather armour.
   750 | D:1      | 750 ||| DROPPING +0 robe.
   751 | D:1      | 751 ||| READING scroll labelled CECLED REMILAOKH.
   752 | D:1      | 752 ||| READING scroll labelled ASAORRU DELIOS.
   753 | D:1      | 753 ||| DROPPING scroll of poison.
   838 | D:2      | Noticed Terence
   848 | D:2      | HP: 6/24 [Terence/+2 vampiric short sword (8)]
   851 | D:2      | HP: 2/24 [Terence/+2 vampiric short sword (3)]
   852 | D:2      | Slain by Terence

Levels and vault maps discovered:
D:1:      wheals_arrival_linesprint, layout_loops_cross,
          chequers_serial_rivers_small_a
D:2:      layout_basic, basic_altar, serial_bayou_pond_d, grunt_ministairs_5,
          nrook_uturn, uniq_crazy_yiuf_cottage, uniq_terence

Skill      XL: |  1  2 |
---------------+-------+-----
Ranged Weapons | 3 |  3.1
Fighting       | 2 |  2.0
Dodging        | |  2.1
Spellcasting   | |  1.0
Hexes          | |  2.0

Action                     || total
---------------------------++-------
   Fire: Sling             ||    61
    Use: Scroll            ||     2
  Dodge: Dodged            ||    14

Table legend:
 A = Non-vault XP
 B = Vault XP
 C = Vault XP percentage of total XP
 D = Non-vault monster count
 E = Vault monster count
 F = Vault count percentage of total count
                 A         B        C        D         E       F
            +---------+---------+-------+---------+---------+-------
      Total |      23 |       2 |   8.0 |      15 |       2 |  11.8
            +---------+---------+-------+---------+---------+-------
        D:1 |      21 |       0 |   0.0 |      14 |       0 |   0.0
        D:2 |       2 |       2 |  50.0 |       1 |       2 |  66.7
            +---------+---------+-------+---------+---------+-------
